 Dungeon Crawl Stone Soup version 0.31.0-11-ge490571c62 (webtiles) character file.

Game seed: 4606833164677366931

147 qw the Skirmisher (level 5, -1/29 HPs)
             Began as a Deep Elf Hunter on Feb 3, 2024.
             Incinerated by a bombardier beetle (3 damage)
             ... with a burning spray
             ... on level 3 of the Dungeon.
             The game lasted 00:00:08 (2117 turns).

qw the Skirmisher (Deep Elf Hunter)                 Turns: 2117, Time: 00:00:09

Health: -1/29      AC:  7    Str: 10    XL:     5   Next: 8%
Magic:  7/7        EV: 26    Int: 14    God:
Gold:   112        SH:  0    Dex: 18    Spells: 4/4 levels left

rFire   . . .        a - +2 shortbow (drain)
rCold   . . .        (shield currently unavailable)
rNeg    . . .        b - +2 ring mail {Will+}
rPois   .            (no helmet)
rElec   .            (no cloak)
rCorr   .            (no gloves)
SInv    .            (no boots)
Will    +....        h - amulet of the acrobat
Stlth   +            (no ring)
HPRegen 0.24/turn    (no ring)
MPRegen 0.10/turn

%: acrobat
@: on fire, acrobatic, glowing
A: no striking features
a: no special abilities


You were on level 3 of the Dungeon.
You visited 1 branch of the dungeon, and saw 3 of its levels.

You collected 112 gold pieces.


   Skills:
 - Level 1.5 Fighting
 + Level 8.5 Ranged Weapons
 - Level 2.4 Dodging
 - Level 1.2 Stealth


You had 4 spell levels left.
You didn't know any spells.
Your spell library was empty.

Inventory:

Hand Weapons
 a - a +2 shortbow of draining (weapon)
Armour
 b - a +2 ring mail of willpower (worn)
Jewellery
 h - an amulet of the acrobat (around neck)
Wands
 j - a wand of flame (47)
Potions
 g - a potion of lignification {unknown}
 l - a potion of magic {unknown}

Dungeon Overview and Level Annotations

Branches:
Dungeon (3/15)

Altars:

Shops:
D:1 (


Message History

The arrow hits the bombardier beetle but does no damage.
The bombardier beetle is almost dead.
You shoot an arrow.
The arrow hits the bombardier beetle but does no damage.
The bombardier beetle is almost dead.
You shoot an arrow.
The arrow barely misses the bombardier beetle.
You shoot an arrow.
The arrow barely misses the bombardier beetle.
The bombardier beetle misses you.
You shoot an arrow.
The arrow closely misses the bombardier beetle.
You shoot an arrow.
The arrow barely misses the bombardier beetle.
The bombardier beetle sprays incendiary fluid at you.
The burning spray hits you.
You are covered in liquid fire!
You shoot an arrow. The arrow hits the bombardier beetle!
You kill the bombardier beetle!
The liquid fire burns you!
You have reached level 5!
You are on fire!
The liquid fire burns you!
You are on fire!
The liquid fire burns you!
You are on fire!
The liquid fire burns you!
You are on fire!
The liquid fire burns you!
You are on fire!
The liquid fire burns you!
You are on fire!
The liquid fire burns you!
You are on fire!
The liquid fire burns you!
You are on fire!
The liquid fire burns you!
You are on fire!
The liquid fire burns you!
You die...

#... #.. #.. #..
.~~~~ #.# ..P~~~..
#.# .~~~~~~.
#######.##.~~~~~..
.......@#....~~~P.
#######.#.#.~%~~..
#.#.#.~~~...
#......~~~~.
#......~~~~.
####..^~~~~~
#.~~~~~~. #.P~~~~~..
##########.~~P~~~...


There were no monsters in sight!

Vanquished Creatures
  A bombardier beetle (D:3)
  A hound (D:3)
  An adder (D:2)
  3 dart slugs
  2 ribbon worms (D:2)
  3 ball pythons
  7 bats
  3 endoplasms
  2 giant cockroaches (D:2)
  7 goblins
  6 hobgoblins
  5 jackals
  A quokka (D:3)
  7 frilled lizards
  5 kobolds (D:1)
  7 rats
61 creatures vanquished.

Notes
Turn   | Place    | Note
-------+----------+-------------------------------------------
     0 | D:1      | qw the Deep Elf Hunter began the quest for the Orb.
     0 | D:1      | Reached XP level 1. HP: 12/12 MP: 3/3
     0 | D:1      | 0 ||| qw: Version: 0.3-a-157-g843a77d
     0 | D:1      | 0 ||| qw: Game counter: 3909
     0 | D:1      | 0 ||| qw: Melee chars always use a shield: true
     0 | D:1      | 0 ||| qw: God list: Okawaru
     0 | D:1      | 0 ||| qw: Allow faded altars: false
     0 | D:1      | 0 ||| qw: Do Orc after clearing Dungeon:15 true
     0 | D:1      | 0 ||| qw: Do second Lair branch before Depths: true
     0 | D:1      | 0 ||| qw: Lair rune preference: random
     0 | D:1      | 0 ||| qw: Goals: Normal
     0 | D:1      | 0 ||| PLANNING D:1-11
    81 | D:1      | Reached XP level 2. HP: 15/16 MP: 4/4
   103 | D:1      | Reached skill level 6 in Ranged Weapons
   428 | D:1      | Reached XP level 3. HP: 20/20 MP: 5/5
   555 | D:1      | Found Dovviev's Weapon Shoppe.
   969 | D:1      | 969 ||| READING scroll labelled VYDEYW YMED.
   969 | D:1      | 969 ||| ENCHANTING +0 shortbow.
   970 | D:1      | 970 ||| READING scroll labelled SUUNEDGH KAISU.
   970 | D:1      | 970 ||| BRANDING +1 shortbow.
   971 | D:1      | 971 ||| READING 2 scrolls labelled RIUMUS EXZIEGI.
   972 | D:1      | 972 ||| READING scroll labelled OKAEMA CITZU.
   973 | D:1      | 973 ||| READING scroll labelled KACEON XOOT.
  1074 | D:1      | 1074 ||| READING scroll labelled WANOTTE NOUS.
  1074 | D:1      | 1074 ||| IDENTIFYING emerald potion
  1075 | D:1      | 1075 ||| READING scroll labelled NUETUD MUTWAPH.
  1076 | D:1      | 1076 ||| DROPPING scroll of butterflies.
  1077 | D:1      | 1077 ||| DROPPING scroll of immolation.
  1078 | D:1      | 1078 ||| DROPPING potion of invisibility.
  1132 | D:2      | Reached skill level 7 in Ranged Weapons
  1243 | D:2      | Identified the +2 hand axe of the Mashing Weasel {flame,
                  | Will+ rCorr Dex+5}
  1309 | D:2      | Reached XP level 4. HP: 25/25 MP: 6/6
  1568 | D:2      | Found the +6 shillelagh "Devastator" {shatter}
  1872 | D:2      | 1872 ||| UPGRADING to +2 ring mail of willpower.
  1882 | D:2      | 1882 ||| DROPPING +0 leather armour.
  1883 | D:2      | 1883 ||| UPGRADING to amulet of the acrobat.
  1888 | D:2      | 1888 ||| READING scroll of identify.
  1888 | D:2      | 1888 ||| IDENTIFYING red potion
  1889 | D:2      | 1889 ||| READING scroll labelled UNOCSE UPLIOR.
  1890 | D:2      | 1890 ||| READING scroll labelled MIEK FUIXEL.
  1891 | D:2      | 1891 ||| READING scroll labelled JIUDGH VORUUSE.
  1892 | D:2      | 1892 ||| DROPPING potion of degeneration.
  1894 | D:2      | 1894 ||| Stepping ~*~*~tactically~*~*~ (cloud).
  2031 | D:3      | 2031 ||| READING scroll of enchant weapon.
  2031 | D:3      | 2031 ||| ENCHANTING +1 shortbow of draining.
  2062 | D:3      | Reached skill level 8 in Ranged Weapons
  2109 | D:3      | Reached XP level 5. HP: 23/29 MP: 7/7
  2114 | D:3      | HP: 6/29 [burnt (3)]
  2116 | D:3      | HP: 2/29 [burnt (2)]
  2117 | D:3      | Incinerated by a bombardier beetle

Levels and vault maps discovered:
D:1:      saegor_arrival_miasma, layout_basic, serial_shops,
          nicolae_shop_bloodbath_and_beyond, minmay_misc_feat_hallway,
          minmay_bisected
D:2:      layout_basic, st_stairs_12
D:3:      layout_loops_ring, chequers_big_river

Skill      XL: |  1  2  3  4 |
---------------+-------------+-----
Ranged Weapons | 6 7 8 |  8.5
Fighting       | |  1.5
Dodging        | |  2.4
Stealth        | |  1.2

Action                     |  1- 3 |  4- 6 || total
---------------------------+-------+-------++-------
   Fire: Shortbow          |   111 |    38 ||   149
    Use: Scroll            |     7 |     5 ||    12
 Armour: Leather armour    |    12 |     1 ||    13
         Ring mail         |       |     2 ||     2
  Dodge: Dodged            |    19 |     3 ||    22

Table legend:
 A = Non-vault XP
 B = Vault XP
 C = Vault XP percentage of total XP
 D = Non-vault monster count
 E = Vault monster count
 F = Vault count percentage of total count
                 A         B        C        D         E       F
            +---------+---------+-------+---------+---------+-------
      Total |     191 |      20 |   9.5 |      56 |       5 |   8.2
            +---------+---------+-------+---------+---------+-------
        D:1 |      52 |       6 |  10.3 |      31 |       4 |  11.4
        D:2 |      44 |      14 |  24.1 |      20 |       1 |   4.8
        D:3 |      95 |       0 |   0.0 |       5 |       0 |   0.0
            +---------+---------+-------+---------+---------+-------
